 Dungeon Crawl Stone Soup version 0.27.1-4-g1640c2035a (webtiles) character file.

Game seed: 15155240271562431707

45 zeram the Sneak (level 3, -2/18 HPs)
             Began as a Spriggan Brigand on Nov 10, 2021.
             Slain by a worm (11 damage)
             ... on level 2 of the Dungeon.
             The game lasted 00:02:05 (2182 turns).

zeram the Sneak (Spriggan Brigand)                  Turns: 2182, Time: 00:02:06

Health: -2/18      AC:  3    Str:  7    XL:     3   Next: 42%
Magic:  4/4        EV: 17    Int: 13    God:
Gold:   72         SH:  0    Dex: 16    Spells: 2/2 levels left

rFire    . . .     SeeInvis +   a - +2 dagger
rCold    . . .     Faith    .   (shield restricted)
rNeg     . . .     Spirit   .   b - +0 robe
rPois    .         Reflect  .   (helmet restricted)
rElec    .         Harm     .   c - +0 cloak
rCorr    .         Rampage  .   (gloves unavailable)
Will     .....                  (boots unavailable)
Stlth    ++++......             (no amulet)
HPRegen  0.06/turn              (no ring)
MPRegen  0.09/turn              (no ring)

@: very quick
A: very small, no large weapons, unfitting armour, see invisible, speed 3
a: no special abilities


You were on level 2 of the Dungeon.
You visited 1 branch of the dungeon, and saw 2 of its levels.

You collected 72 gold pieces.

Inventory:

Hand Weapons
 a - a +2 dagger (weapon)
Missiles
 d - 7 poisoned darts (quivered)
 e - 2 curare-tipped darts
Armour
 b - a +0 robe (worn)
 c - a +0 cloak (worn)
Jewellery
 i - a +4 ring of evasion
Scrolls
 k - a scroll of blinking {unknown}
Potions
 f - a potion of brilliance
 g - a potion of attraction {unknown}
 h - a potion of might {unknown}
 j - 2 potions of cancellation {unknown}


   Skills:
 + Level 1.8 Fighting
 + Level 2.4 Short Blades
 - Level 2.0 Throwing
 + Level 2.1 Dodging
 + Level 7.2 Stealth


You had 2 spell levels left.
You didn't know any spells.
Your spell library was empty.

Dungeon Overview and Level Annotations

Branches:
Dungeon (2/15)

Altars:


Innate Abilities, Weirdness & Mutations

You are very small and have problems with some larger weapons.
You are too small for most types of armour.
You have supernaturally acute eyesight. (SInv)
You cover ground extremely quickly. (Speed+++)


Message History

You are too injured to fight recklessly!
You are too injured to fight recklessly!
You are too injured to fight recklessly!
You are too injured to fight recklessly!
You are too injured to fight recklessly!
You are too injured to fight recklessly!
You are too injured to fight recklessly!
You are too injured to fight recklessly!
You are too injured to fight recklessly!
You are too injured to fight recklessly!
You are too injured to fight recklessly!
You are too injured to fight recklessly!
You are too injured to fight recklessly!
You are too injured to fight recklessly!
You are too injured to fight recklessly!
You are too injured to fight recklessly!
You hit the worm.
The worm is heavily wounded.
The worm misses you.
You hit the worm.
The worm is heavily wounded.
You barely miss the worm.
The worm is heavily wounded.
The worm closely misses you.
Throw: 8 darts (poison)
Press: ? - help, Q - select action, (/) - cycle Shift-Dir - straight line, f - worm
Aim: a worm (heavily wounded, 79% to hit)
You throw a poisoned dart. The poisoned dart hits the worm.
The worm is poisoned.
The worm is heavily wounded.
You hit the worm.
The worm is heavily wounded.
The worm barely misses you.
You hit the worm.
The worm is severely wounded.
You hit the worm.
The worm is almost dead.
The worm looks more healthy.
The worm bites you!
Ouch! That really hurt!
You die...

## #.#
#.....#### #.#
#.........
###### #.#
#.....####
#....# #.#
#.....# # #.##.#
#.# #.....# #
######.##.# #(#
#.....# #
.......##.# #.#
#.....####
#########.# #w#
#...^.'... #.#
#@# #.....###.
#.######.#
#########.
#........# #....
###...#### #.##.
#...# ###.##.
#...# #....#.
#...# #....#.
####...#########
#....#.
#..............#
#......


You could see a worm.

Vanquished Creatures
  An adder (D:2)
  A dart slug (D:2)
  5 bats (D:1)
  2 endoplasms
  2 giant cockroaches
  4 goblins
  3 hobgoblins (D:1)
  4 jackals (D:1)
  2 quokkas
  A frilled lizard (D:1)
  5 rats
30 creatures vanquished.

Vanquished Creatures (others)
  2 plants (D:1)
2 creatures vanquished.

Grand Total: 32 creatures vanquished

Notes
Turn   | Place    | Note
-------+----------+-------------------------------------------
     0 | D:1      | zeram the Spriggan Brigand began the quest for the Orb.
     0 | D:1      | Reached XP level 1. HP: 10/10 MP: 2/2
    84 | D:1      | Reached skill level 6 in Stealth
   505 | D:1      | Reached XP level 2. HP: 9/14 MP: 3/3
  1688 | D:2      | Reached skill level 7 in Stealth
  1688 | D:2      | Reached XP level 3. HP: 18/18 MP: 4/4
  2182 | D:2      | Slain by a worm

Illustrated notes

Levels and vault maps discovered:
D:1:      dpeg_arrival_rooms_c, layout_basic, serial_bayou_pond_c, st_stairs_13
D:2:      layout_basic

Skill      XL: |  1  2 |
---------------+-------+-----
Stealth        | 6 7 |  7.2
Dodging        | 2 |  2.1
Fighting       | |  1.8
Short Blades   | |  2.4
Throwing       | |  2.0

Action                   || total
-------------------------++-------
Melee: Dagger            ||    96
Throw: Dart              ||     1
  Use: Scroll            ||     1
 Stab: Sleeping          ||    14
Armor: Robe              ||    17
Dodge: Dodged            ||    83
